 Dungeon Crawl Stone Soup version 0.31.0-32-g396128a36d (webtiles) character file.

Game seed: 16538303808011279537

42 MollyMolluskus the Trooper (level 3, -2/26 HPs)
             Began as an Octopode Fighter on Apr 9, 2024.
             Slain by Sigmund
             ... wielding a +0 scythe
              (12 damage)
             ... on level 2 of the Dungeon.
             The game lasted 00:04:49 (1194 turns).

MollyMolluskus the Trooper (Octopode Fighter)       Turns: 1194, Time: 00:04:50

Health: -2/26      AC:  1    Str: 17    XL:     3   Next: 56%
Magic:  3/3        EV: 13    Int: 10    God:
Gold:   84         SH:  4    Dex: 11    Spells: 2/2 levels left

rFire   . .          .
                       - Unarmed
rCold   . . .        a - +0 buckler
rNeg    . . .        (helmet restricted)
rPois   +            (no amulet)
rElec   .            h - ring of poison resistance
rCorr   .            (no ring)
SInv    .            (no ring)
Will    .....        (no ring)
Stlth   +++          (no ring)
HPRegen 0.24/turn    (no ring)
MPRegen 0.08/turn    (no ring)
                     (no ring)

%: no passive effects
@: no status effects
A: almost no armour, amphibious, 8 rings, camouflage 1, gelatinous body 1,
(nimble swimmer 1), tentacles
a: no special abilities


You were on level 2 of the Dungeon.
You visited 1 branch of the dungeon, and saw 2 of its levels.

You collected 84 gold pieces.

Inventory:

Missiles
 c - 9 stones (quivered)
 g - 3 poisoned darts
Armour
 a - a +0 buckler (worn)
Jewellery
 f - a ring of magical power
 h - a ring of poison resistance (left tentacle)
Scrolls
 d - a scroll of immolation
 e - 2 scrolls of teleportation {unknown}
Potions
 b - a potion of might


   Skills:
 + Level 3.3 Fighting
 + Level 3.2 Dodging
 + Level 1.4 Stealth
 + Level 3.2 Shields
 * Level 2.7 Unarmed Combat


You had 2 spell levels left.
You didn't know any spells.
Your spell library was empty.

Dungeon Overview and Level Annotations

Branches:
Dungeon (2/15)

Altars:

Annotations:
D:2 Sigmund


Innate Abilities, Weirdness & Mutations

You cannot wear most types of armour.
You are amphibious.
You can wear up to eight rings at the same time.
Your skin changes colour to match your surroundings (Stealth+).
Your rubbery body absorbs attacks. (AC +1, EV +1)
((You are camouflaged when in or above water. (Stealth+)))
You have tentacles for arms and can constrict up to eight enemies at once.


Message History

You kill the giant cockroach!
You see here a giant cockroach corpse.
Found a stone staircase leading up.
A ball python comes into view.
The ball python hisses angrily.
You block the ball python's attack. The ball python closely misses you.
You tentacle-slap the ball python.
You kill the ball python!
Found a ring mail.
A kobold comes into view. It is wielding a +0 dagger.
The kobold shouts!
The kobold closely misses you.
You tentacle-slap the kobold. You grab the kobold.
The kobold is severely wounded.
You constrict the kobold.
You kill the kobold!
Found a stone staircase leading down.
Sigmund the Dreaded comes into view.
He is wielding a +0 scythe and wearing a +1 robe of willpower.
Sigmund shouts!
Sigmund gestures at you while chanting. The magic dart hits you!
You tentacle-slap Sigmund. You grab Sigmund.
Sigmund is lightly wounded.
You constrict Sigmund. Sigmund barely misses you.
You tentacle-slap Sigmund.
Sigmund is lightly wounded.
You constrict Sigmund. You block Sigmund's attack.
You tentacle-slap Sigmund.
Sigmund is moderately wounded.
You constrict Sigmund, but do no damage.
You tentacle-slap Sigmund.
Sigmund is heavily wounded.
You constrict Sigmund. Sigmund gestures at you while chanting.
The magic dart hits you!
You tentacle-slap Sigmund.
Sigmund is severely wounded.
You constrict Sigmund. Sigmund hits you with a +0 scythe!
You die...
Sigmund begins carving another notch in his scythe.

.....#..##.###..#.#.#
....................#
...#....#####.#.#)#.#
....................#
.................#.#
#........[.....#.#
#..............#.#
#####....>########.#.#
.......@........ ....#
#####..@........ ..
..............
.......##.######
...##.. ... #. ###
..## # .#


You could see Sigmund.

Vanquished Creatures
  A dart slug (D:1)
  4 bats (D:1)
  6 endoplasms
  2 giant cockroaches
  2 goblins (D:1)
  3 hobgoblins (D:1)
  A jackal (D:1)
  3 kobolds
  A quokka (D:1)
  7 ball pythons
  2 frilled lizards (D:2)
  5 rats
37 creatures vanquished.

Notes
Turn   | Place    | Note
-------+----------+-------------------------------------------
     0 | D:1      | MollyMolluskus the Octopode Fighter began the quest for the
                  | Orb.
     0 | D:1      | Reached XP level 1. HP: 16/16 MP: 1/1
    45 | D:1      | Found a faded altar of an unknown god.
   130 | D:1      | Reached XP level 2. HP: 21/21 MP: 2/2
   317 | D:1      | Reached skill level 1 in Stealth
   360 | D:1      | Reached XP level 3. HP: 26/26 MP: 3/3
  1186 | D:2      | Noticed Sigmund
  1194 | D:2      | Slain by Sigmund

Illustrated notes

Levels and vault maps discovered:
D:1:      minmay_arrival_floating_metal, layout_loops_corners,
          hellmonk_ecumenical_altar_blasted, st_stairs_9,
          chequers_serial_rivers_small_a
D:2:      layout_basic, uniq_crazy_yiuf_cottage, uniq_sigmund

Skill      XL: |  1  2 |
---------------+-------+-----
Stealth        | 1 |  1.4
Fighting       | |  3.3
Dodging        | |  3.2
Shields        | |  3.2
Unarmed Combat | |  2.7

Action                     || total
---------------------------++-------
  Melee: Unarmed           ||    71
         Constrict         ||    21
         Tentacles         ||    11
  Throw: Stone             ||     7
   Stab: Sleeping          ||     7
         Distracted        ||     1
 Armour: Skin              ||    25
  Dodge: Dodged            ||    30
  Block: Buckler           ||    13
